 Dungeon Crawl Stone Soup version 0.27-b1-16-g6517624069 (webtiles) character file.

Game seed: 7554259170631785761

266 pikapanic the Covered (level 6, -3/37 HPs)
             Began as a Gargoyle Fighter on July 26, 2021.
             Was an Initiate of Ru.
             Slain by a gnoll (7 damage)
             ... on level 4 of the Dungeon.
             The game lasted 00:12:08 (3406 turns).

pikapanic the Covered (Gargoyle Fighter)            Turns: 3406, Time: 00:12:09

Health: -3/37      AC: 12    Str: 22    XL:     6   Next: 20%
Magic:  15/15      EV: 10    Int:  8    God:    Ru [......]
Gold:   91         SH:  5    Dex:  9    Spells: 5/5 levels left

rFire    . . .     SeeInvis .   g - +2 quarterstaff (spect)
rCold    . . .     Faith    .   (shield currently unavailable)
rNeg     + . .     Spirit   .   b - +1 scale mail
rPois    ∞         Reflect  +   (no helmet)
rElec    +         Harm     .   (no cloak)
rCorr    .         Rampage  .   (no gloves)
Will     .....                  (no boots)
Stlth    ..........             f - amulet of reflection
HPRegen  0.12/turn              h - ring of magical power
MPRegen  0.14/turn              (no ring)

@: no status effects
A: sickness immunity, AC +4, negative energy resistance 1, electricity
resistance, torment resistance 1, petrification resistance
a: Renounce Religion, Sacrifice Resistance, Sacrifice Courage, Sacrifice Arcana,
Reject Sacrifices


You were on level 4 of the Dungeon.
You worshipped Ru.
Ru was noncommittal.
You visited 1 branch of the dungeon, and saw 4 of its levels.

You collected 91 gold pieces.

Inventory:

Hand Weapons
 a - a +0 war axe
 g - a +2 spectral quarterstaff (weapon)
 o - a +2 vorpal falchion
 s - a +0 dagger
 v - a +1 trident of protection
Missiles
 l - a large rock
 t - 22 bolts
Armour
 b - a +1 scale mail (worn)
 c - a +0 kite shield
 p - a +0 scale mail
Magical Staves
 i - a staff of death
Jewellery
 f - an amulet of reflection (around neck)
 h - a ring of magical power (left hand)
Scrolls
 e - 2 scrolls of enchant armour
 q - a scroll of fog
 r - 3 scrolls of fear
Potions
 d - a potion of might
 j - a potion of curing {unknown}
 k - a potion of cancellation
 m - a potion of resistance {unknown}
 n - a potion of degeneration {unknown}
 u - a potion of lignification {unknown}
 w - a potion of heal wounds {unknown}


   Skills:
 - Level 3.4 Fighting
 - Level 1.8 Axes
 * Level 3.6 Staves
 + Level 4.9 Armour
 + Level 1.3 Dodging
 + Level 0.1 Stealth
 + Level 4.0 Shields


You had 5 spell levels left.
You didn't know any spells.
Your spell library was empty.

Dungeon Overview and Level Annotations

Branches:
Dungeon (4/15)
 Temple: D:4-7

Altars:
Ashenzari
Hepliaklqana
Nemelex Xobeh
Ru
Trog
Beogh

Shops:
D:1 *


Innate Abilities, Weirdness & Mutations

You are immune to sickness and miasma.
Your stone body is resilient. (AC +4)
You are immune to poison.
You resist negative energy. (rN+)
You are resistant to electric shocks. (rElec)
You are resistant to unholy torment.
You are immune to petrification.


Message History

You sock the gnoll!
The gnoll is severely wounded.
The gnoll hits you with a +0 flail! The gnoll barely misses you.
You hit the gnoll.
You kill the gnoll!
The gnoll hits you but does no damage.
The gnoll hits you but does no damage. x2
You thump the gnoll!
The gnoll is severely wounded.
The gnoll hits you but does no damage. The gnoll closely misses you.
The gnoll hits you from afar with a +0 spear.
The gnoll hits you with a +0 spear.
The gnoll hits you from afar with a +0 halberd!
* * * LOW HITPOINT WARNING * * *
You hit the gnoll.
The gnoll is severely wounded.
You block the gnoll's attack. The gnoll hits you but does no damage.
You hit the gnoll but do no damage.
The gnoll is severely wounded.
You block the gnoll's attack. The gnoll hits you but does no damage.
You hit the gnoll.
You kill the gnoll!
You block the gnoll's attack.
As you read the scroll of fog, it crumbles to dust.
The scroll dissolves into smoke.
You block the gnoll's attack. The gnoll hits you but does no damage.
The gnoll hits you from afar with a +0 halberd.
* * * LOW HITPOINT WARNING * * *
The gnoll hits you but does no damage.
Found a hazy altar of Hepliaklqana.
There is an empty arch of ancient stone here.
The gnoll completely misses you. The gnoll barely misses you.
There is an empty arch of ancient stone here.
As you read the scroll of fear, it crumbles to dust.
You assume a fearsome visage.
The gnoll looks frightened! x2
Your scale mail prevents you from hitting the gnoll.
Cornered, the gnoll turns to fight!
You closely miss the gnoll. The gnoll hits you with a +0 halberd!
You die...

###########.####g###.#.
............§§.og# #.#.
###########.§###§# #.#.
..........#§# #.#.
#######...#§# #.#.
#######...#§###.#.
#####.........#§§§#.#.
#...######..#.###§#.#.
#._.§@gggoo..o..§§#.#.
#...##########.####.#
##### .........†...#
########.###... #..#
... ##.##... #..#...
####.###. #########
#....## .


You could see 3 gnolls and 2 orcs.

Vanquished Creatures
  The ghost of pikapanic the Caller, a weakling MfSu (D:3)
  Terence (D:2)
  2 hound skeletons (D:4)
  4 gnolls (D:4)
  6 adders
  A worm (D:3)
  2 dart slugs
  An orc (D:3)
  6 ball pythons
  7 endoplasms
  2 giant cockroaches
  5 goblins
  2 hobgoblins
  12 jackals
  A quokka (D:3)
  10 bats
  10 frilled lizards
  3 kobolds (D:1)
  5 rats
81 creatures vanquished.

Vanquished Creatures (others)
  2 plants (D:1)
2 creatures vanquished.

Grand Total: 83 creatures vanquished

Notes
Turn   | Place    | Note
-------+----------+-------------------------------------------
     0 | D:1      | pikapanic the Gargoyle Fighter began the quest for the Orb.
     0 | D:1      | Reached XP level 1. HP: 14/14 MP: 1/1
   116 | D:1      | Reached XP level 2. HP: 19/19 MP: 2/2
   156 | D:1      | Found Kinoxepp's General Store.
   542 | D:1      | Reached XP level 3. HP: 23/23 MP: 3/3
   602 | D:1      | Reached skill level 1 in Staves
   943 | D:1      | Found a faded altar of an unknown god.
   949 | D:1      | Became a worshipper of Ru the Awakened
  1345 | D:2      | Reached XP level 4. HP: 28/28 MP: 4/4
  1397 | D:2      | Noticed Terence
  1402 | D:2      | Killed Terence
  1555 | D:2      | Reached skill level 1 in Dodging
  2020 | D:3      | Found a broken altar of Ashenzari.
  2066 | D:3      | Found a transporter.
  2066 | D:3      | Noticed pikapanic's ghost (weakling MfSu)
  2069 | D:3      | Found a transporter.
  2090 | D:3      | Killed pikapanic's ghost
  2091 | D:3      | Reached XP level 5. HP: 32/32 MP: 5/5
  3048 | D:4      | Found a bloodstained altar of Trog.
  3065 | D:4      | Found a sparkling altar of Nemelex Xobeh.
  3280 | D:4      | Reached XP level 6. HP: 33/37 MP: 6/6
  3384 | D:4      | HP: 1/37 [gnoll (2)]
  3399 | D:4      | Found a hazy altar of Hepliaklqana.
  3406 | D:4      | Slain by a gnoll

Illustrated notes

Levels and vault maps discovered:
D:1:      eino_arrival_cavern_b, layout_basic, serial_shops, nicolae_shop_trees,
          hellmonk_ecumenical_altar_defaced_shrine, minmay_misc_feat_nine_boxes,
          minmay_lizard_king
D:2:      layout_basic, uniq_terence
D:3:      layout_basic, ashenzari_altar_1, gammafunk_ghost_arena,
          amethyst_killhole
D:4:      lemuel_castle_with_subvaults [lemuel_castle_interior_original],
          layout_basic, nicolae_ru_path_of_blood,
          mainiacjoe_overflow_catwalk_spiral, nzn_hepliaklqana_mist_gate,
          uniq_natasha, uniq_eustachio

Skill      XL: |  1  2  3  4 |
---------------+-------------+-----
Staves         | 1 3 |  3.6
Dodging        | 1 |  1.3
Armour         | 4 |  4.9
Shields        | 4 |  4.0
Fighting       | |  3.4
Axes           | |  1.8
Stealth        | |  0.1

Action                   |  1- 3 |  4- 6 || total
-------------------------+-------+-------++-------
Melee: War axe           |    20 |       ||    20
       Quarterstaff      |    38 |    74 ||   112
  Use: Scroll            |     1 |     6 ||     7
Armor: Scale mail        |    60 |    40 ||   100
Dodge: Dodged            |    27 |    31 ||    58
Block: Kite shield       |     9 |       ||     9
       Other             |    13 |    24 ||    37
